 Dungeon Crawl Stone Soup version 0.29-a0-11-ga75d3d97ab (webtiles) character file.

Game seed: 7229276363534540054

62 testman the Chucker (level 3, -2/54 HPs)
             Began as a Troll Hunter on Jan 28, 2022.
             Was a Plaything of Xom.
             Succumbed to a scorpion's poison
             ... on level 2 of the Dungeon.
             The game lasted 00:05:27 (1113 turns).

testman the Chucker (Troll Hunter)                  Turns: 1113, Time: 00:05:27

Health: -2/54      AC: 21    Str: 20 (22) XL:     3   Next: 85%
Magic:  2/2        EV:  1    Int:  6 (7)  God:    Xom [..*...]
Gold:   73         SH:  0    Dex:  7 (10) Spells: 2/2 levels left

rFire   + . .      SeeInvis .   f - +0 mace
rCold   . . .      Faith    .   (no shield)
rNeg    . . .      Spirit   .   (armour currently unavailable)
rPois   +          Reflect  .   (helmet currently unavailable)
rElec   .          Harm     .   (cloak currently unavailable)
rCorr   .          Rampage  .   (gloves unavailable)
Will    .....      NoTele   +   (boots unavailable)
Stlth   +.........              (no amulet)
HPRegen 0.98/turn               p - ring of protection from fire
MPRegen 0.08/turn               (no ring)

@: lethally poisoned (-2 -> -9), tree-form
A: stationary, stasis, torment immunity, boosted hp, large, unfitting armour,
(claws 3), regeneration 1, (shaggy fur 1), (tough skin 1)
a: Renounce Religion


You were on level 2 of the Dungeon.
You worshipped Xom.
You were a toy of Xom.
You were a tree.
You visited 1 branch of the dungeon, and saw 2 of its levels.

You collected 73 gold pieces.

Inventory:

Hand Weapons
 a - a +0 short sword
 f - a +0 mace (weapon)
Missiles
 c - 5 large rocks (quivered)
 d - 2 throwing nets
 h - 3 curare-tipped darts
 m - 7 poisoned darts
Armour
 b - a +0 robe (melded)
Jewellery
 o - an amulet of faith
 p - a ring of protection from fire (left branch)
Scrolls
 e - 2 scrolls of amnesia {unknown}
 i - a scroll of magic mapping {unknown}
 j - a scroll of identify {unknown}
 l - 3 scrolls of acquirement {unknown}
 n - a scroll of vulnerability {unknown}
Potions
 k - a potion of lignification


   Skills:
 + Level 2.5 Fighting
 + Level 1.7 Maces & Flails
 - Level 4.0 Throwing
 - Level 1.5 Dodging
 - Level 0.3 Stealth


You had 2 spell levels left.
You didn't know any spells.
Your spell library was empty.

Dungeon Overview and Level Annotations

Branches:
Dungeon (2/15)

Altars:
Xom


Innate Abilities, Weirdness & Mutations

You are a tree.
Your roots penetrate the ground, keeping you stationary.
You cannot be teleported.
You are immune to unholy pain and torment.
Your maximum health is greatly increased.
Your equipment is partially melded.
You are too large for most types of armour.
((You have claws for hands.))
Your natural rate of healing is unusually fast.
((You are covered in fur. (AC +1)))
((You have tough skin. (AC +1)))


Message History

The bat hits you but does no damage.
You closely miss the bat. The bat closely misses you. The bat misses you. x2
You hit the bat.
You kill the bat!
The bat hits you but does no damage.
You barely miss the scorpion. The scorpion stings you.
You are poisoned.
The scorpion poisons you! The scorpion stings you.
You barely miss the scorpion.
You feel very sick.
The scorpion stings you but does no damage.
You hit the scorpion.
The scorpion is lightly wounded.
You feel sick. The scorpion stings you!
You are more poisoned.
The scorpion poisons you! The scorpion barely misses you.
You barely miss the scorpion.
The scorpion is lightly wounded.
You feel very sick. The scorpion stings you!
* * * LOW HITPOINT WARNING * * *
You are lethally poisoned!
The scorpion poisons you!
It was a potion of degeneration.
There was something very wrong with that liquid.
You feel weakened.
You feel dopey.
You feel clumsy.
* * * LOW HITPOINT WARNING * * *
You feel very sick. The scorpion stings you.
* * * LOW HITPOINT WARNING * * *
It was a potion of lignification.
You turn into a tree.
Your +0 robe melds into your body.
Your roots penetrate the ground.
Xom thinks this is hilarious!
* * * LOW HITPOINT WARNING * * *
You feel very sick.
The scorpion stings you but does no damage. x2
You hit the scorpion but do no damage.
The scorpion is lightly wounded.
You die...
Xom thinks this is hilarious!

..........
.######.#.##.#
.. .... .. #.
#.# #. ... ..
#. #.# # #.
..### . ..# #
#.#. .......##
### #.#.#. ..#
#..# #
..>...#####..#
#..# #
#..bs♣...# #..#
.....#.###.##
#..# ###.$..#
#)# #..# ####.#
#.#####..# #.#
#........#
#.########..##
#...........#
#.########.##
####.##.......#


You could see a scorpion and a bat.

Vanquished Creatures
  2 adders (D:2)
  2 dart slugs (D:1)
  A ball python (D:2)
  7 endoplasms
  3 giant cockroaches
  3 goblins (D:1)
  4 hobgoblins
  4 quokkas (D:1)
  2 bats
  4 kobolds
  3 rats
35 creatures vanquished.

Notes
Turn   | Place    | Note
-------+----------+-------------------------------------------
     0 | D:1      | testman the Troll Hunter began the quest for the Orb.
     0 | D:1      | Reached XP level 1. HP: 19/19 MP: 0/0
   195 | D:1      | Reached XP level 2. HP: 28/28 MP: 1/1
   378 | D:1      | Reached skill level 1 in Maces & Flails
   578 | D:1      | Reached XP level 3. HP: 35/35 MP: 2/2
   593 | D:1      | Reached skill level 4 in Throwing
  1029 | D:2      | Found a faded altar of an unknown god.
  1036 | D:2      | Prayed at the altar of an unknown god.
  1036 | D:2      | Became a worshipper of Xom of Chaos
  1085 | D:2      | Noticed a scorpion
  1112 | D:2      | HP: 1/54 [poisoned by a scorpion]
  1113 | D:2      | Succumbed to a scorpion's poison

Illustrated notes

Levels and vault maps discovered:
D:1:      shiori_arrival_oz, layout_loops_ring, minmay_quantized
D:2:      layout_loops_ring, dreamdust_ecumenical_altar_hidden_monk_grotto

Skill      XL: |  1  2  3 |
---------------+----------+-----
Fighting       | 2 |  2.5
Maces & Flails | 1 |  1.7
Throwing       | 4 |  4.0
Dodging        | |  1.5
Stealth        | |  0.3

Action                   || total
-------------------------++-------
Melee: Short sword       ||    17
       Mace              ||   114
  Use: Potion            ||     2
 Stab: Sleeping          ||     4
Armor: Robe              ||    53
       Skin              ||     2
Dodge: Dodged            ||    73

Table legend: (Time is in decaauts)
 A = Elapsed time spent in this place.
 B = Non-inter-level travel time spent in this place.
 C = Inter-level travel time spent in this place.
 D = Time resting spent in this place.
 E = Time spent auto-exploring this place.
 F = Levels seen in this place.
 G = Mean time per level.
                   A        B        C        D        E       F      G
               +--------+--------+--------+--------+--------+-----+--------+
         Total |   1152 |   1131 |     21 |      2 |    813 |   2 |  576.0 |
       Dungeon |   1152 |   1131 |     21 |      2 |    813 |   2 |  576.0 |
               +--------+--------+--------+--------+--------+-----+--------+

Top non-repeatable levels by time:
     D:1: 754 daAuts
     D:2: 398 daAuts
